 Dungeon Crawl Stone Soup version 0.14.1-26-g5a19342 (webtiles) character file.

170 MRaven the Skirmisher (level 4, -2/35 HPs)
             Began as a Demonspawn Abyssal Knight on July 19, 2014.
             Was a Believer of Lugonu.
             Slain by an iguana (10 damage)
             ... on Level 2 of the Dungeon.
             The game lasted 00:23:34 (2449 turns).

MRaven the Skirmisher (Demonspawn Abyssal Knight)   Turns: 2449, Time: 00:23:34

HP  -2/35        AC  5     Str 14      XL: 4   Next: 68%
MP   5/5         EV 11     Int 13      God: Lugonu [**....]
Gold 55          SH  0     Dex 12      Spells:  0 memorised,  3 levels left

rFire  . . .     SeeInvis .     a - +2,+1 spear
rCold  . . .     Clarity  .     b - +0 leather armour
rNeg   . . .     Conserve .     (no shield)
rPois  .         rCorr    .     (no helmet)
rElec  .         rRot     .     (no cloak)
SustAb . .       Spirit   .     (no gloves)
rMut   .         Warding  .     (no boots)
Saprov . . .     Stasis   .     f - amulet of faith
MR     .....                    (no ring)
                                (no ring)

@: not resistant to hostile enchantments, very unstealthy
A: claws 1, slimy green scales 1
a: Depart the Abyss, Bend Space, Renounce Religion


You were on level 2 of the Dungeon.
You worshipped Lugonu.
Lugonu was pleased with you.
You were hungry.

You visited 1 branch of the dungeon, and saw 3 of its levels.
You visited the Abyss 1 time.

You collected 55 gold pieces.

Inventory:

Hand weapons
 a - a +2,+1 spear (weapon)
Armour
 b - a +0 leather armour (worn)
 g - a +0 ring mail
 j - a +0 scale mail
 l - a +0 chain mail
Comestibles
 c - a bread ration
Scrolls
 d - a scroll of fear
 e - 3 scrolls of identify
 n - 2 scrolls of teleportation
 y - a scroll of enchant weapon I
Jewellery
 f - an amulet of faith (around neck)
Potions
 i - a potion of lignification
 k - a potion of poison {unknown}
 m - a potion of brilliance
 o - a potion of magic {unknown}
 t - 2 potions of invisibility


   Skills:
 - Level 3.4 Fighting
 * Level 3.1 Polearms
 - Level 2.4 Armour
 * Level 2.1 Dodging
 - Level 2.4 Invocations


You had 3 spell levels left.
You didn't know any spells.

Dungeon Overview and Level Annotations

Branches:
Dungeon (3/15)

Altars:
Nemelex Xobeh
Sif Muna


Innate Abilities, Weirdness & Mutations

You have sharp fingernails.
You are partially covered in slimy green scales (AC +2).


Message History

You hit the iguana.
The iguana is lightly wounded.
The iguana bites you.
You hit the iguana.
The iguana is moderately wounded.
The iguana barely misses you.
You hit the iguana.
The iguana is moderately wounded.
The iguana closely misses you.
You hit the iguana but do no damage.
The iguana is moderately wounded.
The iguana barely misses you.
You closely miss the iguana.
The iguana is moderately wounded.
The iguana bites you!
* * * LOW HITPOINT WARNING * * *
Unknown command.
Drink which item? (? for menu, Esc to quit)
You feel better. The iguana bites you!
You die...

..##.##..# ###...# #.#.#
.<##.##..# #.....# #.#.#
..##.##..# #.#...# #.#.#
..##.##..##### #.#.#.# #%#.#
.....##......# #.#.#.# #.#.#
..#.)##......# #.#.#.# #.#.#
..#..##......# #.#)#.# #.#.#
..#..........#######.#.#.# #.#.#
...............%@.?>...#.# #.#.#
.<#.###..#.####.l.##...#.# #.#.#
..#.###..#.# #...##...#.# #.#.#
......#..#.####...##.).#.# #.#.#
.......................#.####.#.#
......#....####............##.#.#
......#....####...##.......##.#.#
......#.............l...........#
...####....####...#######..##.###


You could see an iguana.

Vanquished Creatures
  5 adders (D:2)
  A worm (D:2)
  A giant mite (D:1)
  4 orcs (D:3)
  2 giant cockroaches
  8 goblins
  5 hobgoblins
  5 jackals (D:2)
  A quokka (D:1)
  7 bats
  A giant gecko (D:2)
  A giant newt (D:2)
  7 kobolds
  3 rats
51 creatures vanquished.

Notes
Turn   | Place    | Note
--------------------------------------------------------------
     0 | Abyss:1  | MRaven, the Demonspawn Abyssal Knight, began the quest for the Orb.
     0 | Abyss:1  | Reached XP level 1. HP: 18/18 MP: 1/1
    62 | Abyss:1  | Noticed a chaos spawn
    62 | D:1      | Escaped the Abyss
   193 | D:1      | Reached skill level 1 in Dodging
   524 | D:1      | Gained mutation: You are partially covered in slimy green scales (AC +2). [demonic ancestry]
   524 | D:1      | Reached XP level 2. HP: 20/24 MP: 2/2
   758 | D:1      | Found a sparkling altar of Nemelex Xobeh.
  1044 | D:1      | Acquired Lugonu's first power
  1247 | D:2      | Reached XP level 3. HP: 29/29 MP: 4/4
  1727 | D:2      | Found a deep blue altar of Sif Muna.
  1801 | D:2      | Gained mutation: You have sharp fingernails. [demonic ancestry]
  1801 | D:2      | Reached XP level 4. HP: 35/35 MP: 5/5
  1814 | D:2      | Acquired Lugonu's second power
  2448 | D:2      | HP: 1/35 [iguana (10)]
  2449 | D:2      | Slain by an iguana

Action                   |  1- 3 |  4- 6 || total
-------------------------+-------+-------++-------
Melee: Spear             |   169 |    99 ||   268
Invok: Depart the Abyss  |     1 |       ||     1
  Use: Potion            |     1 |     3 ||     4
       Scroll            |     5 |     4 ||     9
 Stab: Distracted        |     1 |       ||     1
